 Dungeon Crawl Stone Soup version 0.23.1-37-gaa34b87 (webtiles) character file.

Game seed: 7419552365996392432

1545 kae the Insei (level 8, -1/63 HPs)
             Began as a Demonspawn Skald on Mar 23, 2019.
             Was a Follower of Wu Jian.
             Slain by a killer bee (2 damage)
             ... on level 6 of the Dungeon.
             The game lasted 00:09:54 (7260 turns).

kae the Insei (Demonspawn Skald)                    Turns: 7260, Time: 00:09:54

Health: -1/63      AC:  6    Str: 12 (15) XL:     8   Next: 56%
Magic:  11/11      EV: 11    Int: 14 (16) God:    Wu Jian [*.....]
Gold:   280        SH:  4    Dex: 11 (14) Spells: 0/11 levels left

rFire    + . .     SeeInvis +   j - +2 short sword (venom)
rCold    . . .     Gourm    .   p - +1 buckler
rNeg     . . .     Faith    .   a - +0 leather armour
rPois    .         Spirit   .   (helmet restricted)
rElec    .         Reflect  .   (no cloak)
rCorr    .         Harm     .   (no gloves)
MR       .....                  (no boots)
Stlth    +.........             (no amulet)
HPRegen  0.20/turn              f - +4 ring of strength
MPRegen  0.12/turn              (no ring)

@: lethally poisoned (-1 -> -10), infused
A: antennae 1, molten scales 2, see invisible, fire resistance 1, sense
surroundings 1, powered by pain 1
a: Renounce Religion


You were on level 6 of the Dungeon.
You worshipped Wu Jian.
Wu Jian was aware of your devotion.
You were hungry.

You visited 2 branches of the dungeon, and saw 8 of its levels.

You collected 280 gold pieces.

Inventory:

Hand Weapons
 j - a +2 short sword of venom (weapon)
Armour
 a - a +0 leather armour (worn)
 p - a +1 buckler (worn)
Jewellery
 f - a +4 ring of strength (left hand)
Wands
 l - a wand of enslavement (5)
 o - a wand of polymorph (5)
 r - a wand of acid (3)
Scrolls
 b - a scroll of enchant weapon
 h - 3 scrolls of remove curse
 i - 4 scrolls of identify
 k - a scroll of magic mapping
 n - a scroll of teleportation
 q - a scroll of blinking
Potions
 d - 3 potions of flight
 e - a potion of cancellation
Comestibles
 c - 12 rations
 m - 2 chunks of flesh


   Skills:
 + Level 5.6 Fighting
 - Level 0.8 Armour
 - Level 1.7 Dodging
 * Level 7.2 Unarmed Combat
 - Level 2.0 Spellcasting
 + Level 5.6 Charms


You couldn't memorise any spells.
You knew the following spells:

 Your Spells              Type           Power        Failure   Level  Hunger
a - Infusion              Chrm           ###.         4%          1    ##.....
b - Song of Slaying       Chrm           ###.....     8%          2    ###....
c - Shroud of Golubria    Chrm/Tloc      #.........   24%         2    ###....
d - Regeneration          Chrm/Necr      #.........   43%         3    ####...
e - Spectral Weapon       Hex/Chrm       #.......     43%         3    ####...

Your spell library contained the following spells:

 Spells                   Type           Power        Failure   Level  Hunger


Dungeon Overview and Level Annotations

Branches:
Dungeon (7/15)             Temple (1/1) D:5

Altars:
Ashenzari
Cheibriados
Dithmenos
Elyvilon
Fedhas
Gozag
Hepliaklqana
Kikubaaqudgha
Nemelex Xobeh
Okawaru
Qazlal
Ru
Sif Muna
Trog
Uskayaw
Vehumet
Wu Jian
Xom
Yredelemnul
Zin
The Shining One

Annotations:
D:2 1 exclusion, Sigmund


Innate Abilities, Weirdness & Mutations

You have a pair of small antennae on your head.
You are mostly covered in molten scales. (AC +3)
Your flesh is heat resistant. (rF+)
You sometimes gain a little power by taking damage.
You have supernaturally acute eyesight. (SInv)
You passively map a small area around you.


Message History

* * * LOW HITPOINT WARNING * * *
You focus on the pain.
You feel your power returning.
You are more poisoned.
The killer bee poisons you! The killer bee stings you.
* * * LOW HITPOINT WARNING * * *
You miss the killer bee.
* * * LOW HITPOINT WARNING * * *
You feel sick. You block the killer bee's attack.
The killer bee barely misses you.
Unknown command.
Unknown command.
Unknown command.
Unknown command.
Unknown command.
It was a potion of degeneration.
There was something very wrong with that liquid.
You feel weakened.
You feel dopey.
You feel clumsy.
* * * LOW HITPOINT WARNING * * *
You feel sick. The killer bee stings you.
You die...

#.####...........#.
#................#.
####....<........##
#...............
####..............
##.#...........8...
#..................
#†y...##...........
#>@#...............
####...............
##..............
###.....#......
##........≈≈≈
###.....≈≈≈≈
##..#..≈≈.≈
##......≈≈≈(
#........≈≈≈


You could see a killer bee.

Vanquished Creatures
  A water moccasin (D:6)
  An ice beast (D:6)
  An orc warrior (D:6)
  2 ogres (D:4)
  2 bullfrogs (D:6)
  2 killer bees (D:6)
  A howler monkey (D:7)
  2 crimson imps (D:6)
  A bullfrog zombie (D:4)
  3 hounds
  A jelly (D:6)
  An orc priest (D:6)
  An iguana (D:4)
  3 orc wizards
  6 worker ants
  2 worker ant zombies
  11 gnolls
  7 adders
  A shadow imp (D:4)
  2 oozes
  3 worms
  A dart slug (D:1)
  4 leopard geckos
  15 orcs
  2 ball pythons (D:6)
  5 giant cockroaches
  3 goblins
  5 hobgoblins
  7 jackals
  3 quokkas
  8 bats
  5 frilled lizards
  13 kobolds
  2 leopard gecko zombies (D:5)
  12 rats
139 creatures vanquished.

Notes
Turn   | Place    | Note
-------+----------+-------------------------------------------
     0 | D:1      | kae the Demonspawn Skald began the quest for the Orb.
     0 | D:1      | Reached XP level 1. HP: 16/16 MP: 3/3
   120 | D:1      | Reached skill level 2 in Unarmed Combat
   237 | D:1      | Gained mutation: You are partially covered in molten
                  | scales. (AC +2) [demonic ancestry]
   237 | D:1      | Reached XP level 2. HP: 22/22 MP: 1/5
   852 | D:2      | Gained mutation: You are mostly covered in molten scales.
                  | (AC +3) [demonic ancestry]
   852 | D:2      | Reached XP level 3. HP: 13/28 MP: 6/6
  1131 | D:2      | Noticed Sigmund
  1375 | D:2      | Reached skill level 3 in Unarmed Combat
  1737 | D:3      | Reached XP level 4. HP: 32/34 MP: 7/7
  2291 | D:4      | Noticed an ogre
  2300 | D:4      | Killed an ogre
  2300 | D:4      | Reached skill level 4 in Unarmed Combat
  2300 | D:4      | Gained mutation: Your flesh is heat resistant. (rF+)
                  | [demonic ancestry]
  2300 | D:4      | Reached XP level 5. HP: 8/41 MP: 8/8
  2592 | D:4      | Gained mutation: You have a pair of small antennae on your
                  | head. [demonic ancestry]
  2592 | D:4      | Reached XP level 6. HP: 47/47 MP: 6/9
  3415 | D:4      | Found a shadowy altar of Dithmenos.
  3725 | D:5      | Entered Level 5 of the Dungeon
  4030 | D:5      | Reached skill level 5 in Unarmed Combat
  4068 | D:5      | Gained mutation: You sometimes gain a little power by
                  | taking damage. [demonic ancestry]
  4068 | D:5      | Reached XP level 7. HP: 49/54 MP: 10/10
  4597 | D:5      | Found a staircase to the Ecumenical Temple.
  4609 | Temple   | Entered the Ecumenical Temple
  4715 | Temple   | Became a worshipper of the Wu Jian Council
  5148 | D:6      | Gained mutation: You passively map a small area around you.
                  | [potion of mutation]
  5148 | D:6      | Gained mutation: You have supernaturally acute eyesight.
                  | (SInv) [potion of mutation]
  5213 | D:6      | HP: 1/55 [acid (5)]
  5293 | D:6      | Found a glowing drain.
  5652 | D:6      | Reached skill level 6 in Unarmed Combat
  6308 | D:6      | Reached skill level 5 in Charms
  6308 | D:6      | Reached XP level 8. HP: 51/61 MP: 11/11
  6313 | D:6      | Reached skill level 5 in Fighting
  6335 | D:6      | Reached * piety under Wu Jian
  7016 | D:6      | Reached skill level 7 in Unarmed Combat
  7226 | D:6      | Learned a level 2 spell: Song of Slaying
  7229 | D:6      | Learned a level 2 spell: Shroud of Golubria
  7233 | D:6      | Learned a level 3 spell: Regeneration
  7237 | D:6      | Learned a level 3 spell: Spectral Weapon
  7258 | D:6      | HP: 3/63 [killer bee (9)]
  7259 | D:6      | HP: 1/63 [poisoned by a killer bee]
  7260 | D:6      | Slain by a killer bee

Skill      XL: |  1  2  3  4  5  6  7  8 |
---------------+-------------------------+-----
Unarmed Combat | 2 3 4 5 6 7 |  7.2
Charms         | 3 4 5 |  5.6
Fighting       | 3 4 5 |  5.6
Armour         | |  0.8
Dodging        | |  1.7
Spellcasting   | |  2.0

Action                   |  1- 3 |  4- 6 |  7- 9 || total
-------------------------+-------+-------+-------++-------
Melee: Unarmed           |    58 |       |       ||    58
       Short sword       |    89 |   153 |   243 ||   485
       Punch             |     1 |       |       ||     1
 Cast: Infusion          |     7 |     4 |     6 ||    17
       Shroud of Golubri |       |       |     1 ||     1
Invok: Lunge             |       |       |     6 ||     6
       Whirlwind         |       |       |     3 ||     3
Evoke: Wand              |       |     1 |     3 ||     4
  Use: Scroll            |     6 |     3 |     6 ||    15
       Potion            |       |     4 |     3 ||     7
 Stab: Sleeping          |       |     1 |       ||     1
  Eat: Chunk             |     3 |     4 |    10 ||    17
       Ration            |       |     1 |       ||     1
Armor: Leather armour    |    55 |    39 |    63 ||   157
       Skin              |       |    16 |       ||    16
Dodge: Dodged            |   103 |    88 |   166 ||   357
Block: Buckler           |       |    22 |    44 ||    66
